 Dungeon Crawl Stone Soup version 0.30-a0-630-g881e3bac89 (webtiles) character file.

Game seed: 32247606919054278

46 Citaku the Covered (level 3, -3/33 HPs)
             Began as a Minotaur Fighter on Jan 13, 2023.
             Slain by a hound (4 damage)
             ... on level 4 of the Dungeon.
             The game lasted 00:02:37 (2174 turns).

Citaku the Covered (Minotaur Fighter)               Turns: 2174, Time: 00:02:38

Health: -3/33      AC:  4    Str: 28    XL:     3   Next: 46%
Magic:  2/2        EV:  9    Int:  5    God:
Gold:   161        SH:  4    Dex:  9    Spells: 2/2 levels left

rFire   . . .      SeeInvis .    a - +0 war axe
rCold   . . .      Faith    .    c - +0 buckler
rNeg    . . .      Spirit   .    b - +0 scale mail
rPois   .          Reflect  .    (helmet restricted)
rElec   .          Harm     .    (no cloak)
rCorr   .          Rampage  .    (no gloves)
Will    .....                    k - +0 pair of boots Stlth
                                 (no amulet)
HPRegen 0.25/turn                g - +6 ring of strength
MPRegen 0.08/turn                (no ring)

@: corroded
A: horns 2, retaliatory headbutt
a: no special abilities


You were on level 4 of the Dungeon.
You visited 1 branch of the dungeon, and saw 4 of its levels.

You collected 161 gold pieces.

Inventory:

Hand Weapons
 a - a +0 war axe (weapon)
Armour
 b - a +0 scale mail (worn)
 c - a +0 buckler (worn)
 k - a +0 pair of boots (worn)
Jewellery
 g - a +6 ring of strength (left hand)
 n - a ring of flight
Scrolls
 e - a scroll of identify {unknown}
 h - a scroll of torment {unknown}
 j - a scroll of silence {unknown}
 l - a scroll of amnesia {unknown}
 o - a scroll of fear {unknown}
 p - 2 scrolls of fog {unknown}
 q - 3 scrolls of blinking {unknown}
 t - a scroll of noise {unknown}
Potions
 d - 5 potions of might
 f - 2 potions of flight {unknown}
 i - 2 potions of heal wounds {unknown}
 m - 3 potions of mutation {unknown}
 r - 2 potions of haste {unknown}
 s - a potion of degeneration {unknown}
 u - a potion of lignification {unknown}
 v - a potion of brilliance {unknown}


   Skills:
 + Level 3.9 Fighting
 * Level 3.3 Axes
 * Level 4.4 Armour
 + Level 4.0 Shields


You had 2 spell levels left.
You didn't know any spells.
Your spell library contained the following spells:

 Spells                   Type           Power      Damage    Failure   Level
 Kiss of Death            Conj/Necr      0%         2d5       83%         1
 Magic Dart               Conj           0%         1d3       83%         1
 Sublimation of Blood     Necr           0%         N/A       92%         2
 Dazzling Flash           Conj/Hex       0%         N/A       99%         3
 Agony                    Necr           0%         N/A       100%        5
 Iskenderun's Battlesphe  Conj           0%         2d6       100%        5
 Silence                  Hex/Air        0%         N/A       100%        5


Dungeon Overview and Level Annotations

Branches:
Dungeon (4/15)
 Temple: D:4-7

Altars:
Qazlal


Innate Abilities, Weirdness & Mutations

You have a pair of horns on your head.
You reflexively headbutt those who attack you in melee.


Message History

You hit the kobold.
The kobold is severely wounded.
The kobold closely misses you. You furiously retaliate!
You headbutt the kobold!
You kill the kobold!
Things that are here:
a +0 club; a kobold corpse HP restored.
Found 7 stones.
v - a grey potion You see here 7 stones.
A jelly and a ball python come into view.
Found a fuming clear potion and a short sword.
The jelly quivers.
The ball python hisses angrily.
A hound comes into view.
The ball python moves out of view.
The hound barks!
You closely miss the ball python.
You hear the slow rusting of a drain nearby.
The ball python closely misses you. You block the ball python's attack.
The hound bites you.
You slash the ball python!
You kill the ball python!
You slash the jelly! The acid corrodes you!
Your hands burn!
You hit the hound but do no damage. You block the hound's attack.
A kobold comes into view. It is wielding a +0 dagger.
The jelly hits you.
You are splashed with acid!
The hound bites you.
The kobold shouts!
The jelly hits you but does no damage. The hound bites you but does no damage.
You hit the jelly but do no damage.
Your hands burn!
You headbutt the jelly.
The jelly is heavily wounded.
You closely miss the hound. The hound bites you.
The jelly hits you but does no damage. The hound bites you but does no damage.
The jelly hits you.
You are splashed with acid!
* * * LOW HITPOINT WARNING * * *
You barely miss the jelly.
The jelly is heavily wounded.
You hit the hound. The hound bites you.
You die...

###### #....# #....#
########## # #....#
#......!..
###....########.........
..#........(............
#......########h@J......
##.....# #.........
#.....# #..........
#.....# ...K.......#
......... .##.........#
.####.##### ......)####
># #.# ##.####.. ## .#
.. ###


You could see a hound, a jelly and a kobold.

Vanquished Creatures
  3 dart slugs
  4 endoplasms
  2 giant cockroaches
  5 goblins
  4 hobgoblins
  5 kobolds
  6 ball pythons
  6 bats
  2 rats
37 creatures vanquished.

Notes
Turn   | Place    | Note
-------+----------+-------------------------------------------
     0 | D:1      | Citaku the Minotaur Fighter began the quest for the Orb.
     0 | D:1      | Reached XP level 1. HP: 19/19 MP: 0/0
   272 | D:1      | Reached XP level 2. HP: 25/27 MP: 1/1
   751 | D:2      | Got the Catalogue of Wounds and Maleficent Acts
   860 | D:2      | Reached XP level 3. HP: 33/33 MP: 2/2
  1098 | D:2      | Found a stormy altar of Qazlal.
  2173 | D:4      | HP: 1/33 [acid (9)]
  2174 | D:4      | Slain by a hound

Illustrated notes

Levels and vault maps discovered:
D:1:      lemuel_arrival_room, layout_basic, serial_forest,
          infiniplex_forest_end_3, infiniplex_forest_straight_1,
          infiniplex_forest_end_2, infiniplex_forest_lined_3
D:2:      layout_loops_ring, basic_altar, minmay_ruptured
D:3:      layout_loops_ring, minmay_misc_feat_alley,
          minmay_misc_feat_four_crosses
D:4:      old_forge, layout_rooms, nicolae_yredelemnul_ghost_church,
          ebering_ghost_disaster_area, cheibrodos_sewer_entry_sluice,
          uniq_natasha

Skill      XL: |  1  2  3 |
---------------+----------+-----
Armour         | 4 |  4.4
Axes           | 3 |  3.3
Shields        | 4 |  4.0
Fighting       | |  3.9

Action                   || total
-------------------------++-------
Melee: War axe           ||    82
       Headbutt          ||    10
Armor: Scale mail        ||    55
Dodge: Dodged            ||    52
Block: Buckler           ||    28

Table legend: (Time is in decaauts)
 A = Elapsed time spent in this place.
 B = Non-inter-level travel time spent in this place.
 C = Inter-level travel time spent in this place.
 D = Time resting spent in this place.
 E = Time spent auto-exploring this place.
 F = Levels seen in this place.
 G = Mean time per level.
                   A        B        C        D        E       F      G
               +--------+--------+--------+--------+--------+-----+--------+
         Total |   2204 |   2107 |     97 |      0 |   1705 |   4 |  551.0 |
       Dungeon |   2204 |   2107 |     97 |      0 |   1705 |   4 |  551.0 |
               +--------+--------+--------+--------+--------+-----+--------+

Top non-repeatable levels by time:
     D:3: 769 daAuts
     D:1: 710 daAuts
     D:2: 670 daAuts
     D:4: 54 daAuts
